 Dungeon Crawl Stone Soup version 0.21.1-1-g345015f (webtiles) character file.

171 inc the Shield-Bearer (level 5, 0/36 HPs)
             Began as an Octopode Fighter on June 12, 2018.
             Slain by a quokka (5 damage)
             ... on level 4 of the Dungeon.
             The game lasted 00:02:34 (2513 turns).

inc the Shield-Bearer (Octopode Fighter)            Turns: 2513, Time: 00:02:34

Health: 0/36       AC:  1    Str: 16    XL:     5   Next: 51%
Magic:  5/5        EV: 12    Int: 10    God:
Gold:   209        SH:  9    Dex: 12    Spells: 4/4 levels left

rFire    . . .     SeeInvis .   r - +0 mace (drain)
rCold    . . .     Gourm    .   b - +0 shield
rNeg     . . .     Faith    .   (helmet restricted)
rPois    .         Spirit   .   i - amulet of rage
rElec    .         Reflect  .   m - ring of wizardry (curse)
rCorr    .         Harm     .   (no ring)
MR       .....                  (no ring)
Stlth    ++........             (no ring)
HPRegen  0.12/turn              (no ring)
MPRegen  0.09/turn              (no ring)
                                (no ring)
                                (no ring)

@: no status effects
A: almost no armour, stealthy swim, amphibious, 8 rings, constrict 8, camouflage
1, gelatinous body 1
a: Evoke Berserk Rage


You were on level 4 of the Dungeon.
You were not hungry.

You visited 1 branch of the dungeon, and saw 4 of its levels.

You collected 209 gold pieces.

Inventory:

Hand Weapons
 a - a +0 flail
 r - a +0 mace of draining (weapon)
Armour
 b - a +0 shield (worn)
Jewellery
 i - an amulet of rage (around mantle)
 m - a cursed ring of wizardry (left tentacle)
 u - an uncursed ring of fire
Scrolls
 e - a scroll of fog {unknown}
 f - 3 scrolls of remove curse {unknown}
 k - 3 scrolls of teleportation {unknown}
 l - a scroll of immolation {unknown}
 n - a scroll of random uselessness {unknown}
 o - 2 scrolls of magic mapping {unknown}
 t - a scroll of identify
Potions
 c - 2 potions of might
 g - a potion of heal wounds {unknown}
 h - a potion of cancellation
 j - a potion of berserk rage
 p - a potion of agility
 q - a potion of ambrosia
 s - a potion of curing
 v - a potion of lignification {unknown}
Comestibles
 d - 6 rations


   Skills:
 - Level 3.0 Fighting
 + Level 4.1 Maces & Flails
 - Level 3.0 Dodging
 + Level 4.7 Shields


You had 4 spell levels left.
You didn't know any spells.

Dungeon Overview and Level Annotations

Branches:
Dungeon (4/15)
 Temple: D:4-7

Altars:
Nemelex Xobeh


Innate Abilities, Weirdness & Mutations

You cannot wear most types of armour.
You are very stealthy in the water. (Stealth+)
You are amphibious.
You can wear up to eight rings at the same time.
You can use your tentacles to constrict eight enemies at once.
Your skin changes colour to match your surroundings (Stealth+).
Your rubbery body absorbs attacks. (AC +1, EV +1)


Message History

You kill the gnoll!
Things that are here:
a club; a gnoll corpse Your shield prevents you from hitting the gnoll.
You grab the gnoll. You constrict the gnoll. The gnoll misses you.
The gnoll hits you!
You hit the gnoll. You drain the gnoll!
You kill the gnoll!
You block the gnoll's attack. The gnoll hits you! The quokka bites you.
You hit the gnoll but do no damage. You grab the gnoll. You squeeze the gnoll!
The gnoll is severely wounded.
You constrict the gnoll, but do no damage.
You block the gnoll's attack. The gnoll hits you.
You block the quokka's attack. The gnoll hits you. x2
* * * LOW HITPOINT WARNING * * *
The quokka closely misses you.
You closely miss the gnoll. You grab the gnoll. You constrict the gnoll.
You constrict the gnoll, but do no damage.
The quokka bites you.
You die...

#########.........
#.# #......... #.#
#......... #.#
#.....$... #.#
#....##### #<#
#....# ### #....#
#.)..# #.@r.#
#g)g.# ##$..#
.....# .....#
#.....# ##...##
#....


You could see 2 gnolls and a quokka.

Vanquished Creatures
  An orc wizard (D:3)
  Jessica (D:3)
  2 gnolls (D:4)
  An adder (D:3)
  2 worms (D:2)
  3 leopard geckos (D:2)
  12 orcs (D:3)
  10 bats
  3 giant cockroaches
  7 goblins
  6 hobgoblins
  2 quokkas (D:3)
  3 frilled lizards
  7 kobolds
  10 rats
70 creatures vanquished.

Notes
Turn   | Place    | Note
-------+----------+-------------------------------------------
     0 | D:1      | inc the Octopode Fighter began the quest for the Orb.
     0 | D:1      | Reached XP level 1. HP: 16/16 MP: 1/1
    79 | D:1      | Reached XP level 2. HP: 12/21 MP: 2/2
  1024 | D:2      | Reached XP level 3. HP: 26/26 MP: 3/3
  1369 | D:2      | Found a sparkling altar of Nemelex Xobeh.
  1815 | D:3      | Noticed Jessica
  1820 | D:3      | Killed Jessica
  1820 | D:3      | Reached XP level 4. HP: 27/31 MP: 4/4
  2130 | D:3      | Reached XP level 5. HP: 35/36 MP: 5/5
  2513 | D:4      | Slain by a quokka

Skill      XL: |  1  2  3  4  5 |
---------------+----------------+-----
Maces & Flails | 3 4 |  4.1
Shields        | 4 |  4.7
Fighting       | |  3.0
Dodging        | |  3.0

Action                   |  1- 3 |  4- 6 || total
-------------------------+-------+-------++-------
Melee: Flail             |    78 |       ||    78
       Constrict         |    14 |    14 ||    28
       Tentacles         |     5 |    11 ||    16
       Mace              |    10 |    42 ||    52
  Use: Scroll            |       |     5 ||     5
 Stab: Sleeping          |     4 |       ||     4
  Eat: Chunk             |     3 |     2 ||     5
Armor: Skin              |     9 |     4 ||    13
Dodge: Dodged            |    35 |    22 ||    57
Block: Shield            |    42 |    13 ||    55
